 Dungeon Crawl Stone Soup version 0.19.1-1-g22dce08 (console) character file.

98 Kloppie the Skirmisher (level 4, 0/40 HPs)
             Began as a Draconian Berserker on Jan 6, 2017.
             Was a Believer of Trog.
             Slain by an orc wizard
             ... wielding a +0 dagger
              (1 damage)
             ... on level 3 of the Dungeon.
             The game lasted 00:03:18 (1751 turns).

Kloppie the Skirmisher (Draconian Berserker)        Turns: 1751, Time: 00:03:19

Health: 0/40       AC:  5    Str: 19    XL:     4   Next: 43%
Magic:  4/4        EV: 19    Int:  8    God:    Trog [**....]
Gold:   177        SH:  0    Dex: 16    Spells: 0 memorised, 3 levels left

rFire  . . .     SeeInvis .     a - +0 falchion
rCold  . . .     Gourm    .     (armour unavailable)
rNeg   . . .     Faith    .     (no shield)
rPois  .         Spirit   .     (helmet restricted)
rElec  .         Reflect  .     (no cloak)
rCorr  .         Harm     .     (no gloves)
MR     .....                    (no boots)
Stlth  ++........               (no amulet)
                                (no ring)
                                (no ring)

@: confused, agile, flying, very slightly contaminated, hasted, invisible, very
quick
A: unfitting armour, cold-blooded, AC +5
a: Berserk, Trog's Hand, Burn Spellbooks, Renounce Religion


You were on level 3 of the Dungeon.
You worshipped Trog.
Trog was pleased with you.
You were not hungry.

You visited 1 branch of the dungeon, and saw 3 of its levels.

You collected 177 gold pieces.

Inventory:

Hand Weapons
 a - a +0 falchion (weapon)
Jewellery
 d - a +3 ring of evasion {unknown}
 e - an uncursed amulet of guardian spirit {unknown}
Scrolls
 c - a scroll of magic mapping {unknown}
 g - a scroll of identify {unknown}
 j - 2 scrolls of enchant armour {unknown}
 k - 3 scrolls of remove curse {unknown}
Potions
 h - a potion of resistance
 l - 2 potions of flight
Books
 o - a book of Misfortune

   Spells                             Type                      Level
   a - Confusing Touch                Hexes                        1
   b - Confuse                        Hexes                        3
   c - Gell's Gravitas                Hexes/Translocation          3
   d - Petrify                        Transmutation/Earth          4
   e - Metabolic Englaciation         Hexes/Ice                    5
   f - Yara's Violent Unravelling     Hexes/Transmutation          5
   Trog disapproves of the use of such an item.
Comestibles
 b - 2 bread rations
 f - 2 meat rations
 p - a royal jelly


   Skills:
 + Level 4.2 Fighting
 * Level 4.0 Long Blades
 + Level 3.3 Dodging


You had 3 spell levels left.
You didn't know any spells.

Dungeon Overview and Level Annotations

Branches:
Dungeon (3/15)

Altars:
Makhleb


Innate Abilities, Weirdness & Mutations

Your plain brown scales are hard. (AC +5)
You cannot fit into any form of body armour.
You are cold-blooded and may be slowed by cold attacks.


Message History

It was a potion of haste.
You feel yourself speed up.
You hear some strange, mumbled words.
A puff of flame appears from out of thin air!
The puff of flame misses you.
You are very lightly contaminated with residual magic.
It was a potion of agility.
You feel agile all of a sudden.
Okay, then.
You bump into the rock wall.
Something hits you but does no damage.
You bump into the rock wall.
You hear some strange, mumbled words.
A magic dart appears from out of thin air!
The magic dart hits you!
* * * LOW HITPOINT WARNING * * *
You barely miss something.
You're too confused!
You fade into invisibility!
Something hits you but does no damage.
You bump into the rock wall.
Something hits you.
You die...

### #.. #.# #
#.# #. #.#
#.######.#
#......#)#
#......#{#
#......#@#
#......#'######
#...............
#..<.......####.
#........>.#
#..........#
#.####.....#
#..........#
####....)..#


There were no monsters in sight!

Vanquished Creatures
  3 adders
  An ooze (D:1)
  2 dart slugs (D:1)
  3 orcs (D:3)
  A ball python (D:1)
  5 bats
  2 giant cockroaches
  2 goblins
  4 hobgoblins
  15 jackals
  2 frilled lizards (D:1)
  7 kobolds
  11 rats
58 creatures vanquished.

Notes
Turn   | Place    | Note
-------+----------+-------------------------------------------
     0 | D:1      | Kloppie the Draconian Berserker began the quest for the Orb.
     0 | D:1      | Reached XP level 1. HP: 19/19 MP: 1/1
   138 | D:1      | Reached XP level 2. HP: 23/26 MP: 2/2
   417 | D:1      | Reached ** piety under Trog
   425 | D:1      | Reached XP level 3. HP: 30/33 MP: 3/3
  1445 | D:3      | Reached XP level 4. HP: 32/40 MP: 4/4
  1662 | D:3      | Found a burning altar of Makhleb.
  1748 | D:3      | HP: 1/40 [something/magic dart (6)]
  1751 | D:3      | Slain by an orc wizard

Skill      XL: |  1  2  3  4 |
---------------+-------------+-----
Dodging        | 3 |  3.3
Fighting       | 4 |  4.2
Long Blades    | 4 |  4.0

Action                   |  1- 3 |  4- 6 || total
-------------------------+-------+-------++-------
Melee: Falchion          |   123 |    52 ||   175
       Tailslap          |    17 |     5 ||    22
Invok: Berserk           |       |     1 ||     1
  Use: Potion            |     3 |     4 ||     7
 Stab: Sleeping          |     2 |       ||     2
  Eat: Chunk             |     2 |     2 ||     4
Armor: Skin              |    50 |    13 ||    63
Dodge: Dodged            |    95 |    40 ||   135
       Rpst.: Falchion   |    34 |    13 ||    47
